 Dungeon Crawl Stone Soup version 0.30-a0-534-gdc55766716 (webtiles) character file.

Game seed: 697580347533851492

69 porpoise the Chopper (level 4, -7/41 HPs)
             Began as a Hill Orc Monk on Dec 25, 2022.
             Killed from afar by an orc wizard (9 damage)
             ... with a magic dart
             ... on level 3 of the Dungeon.
             The game lasted 00:05:06 (1657 turns).

porpoise the Chopper (Hill Orc Monk)                Turns: 1657, Time: 00:05:07

Health: -7/41      AC:  5    Str: 15    XL:     4   Next: 20%
Magic:  4/4        EV: 11    Int: 10    God:
Gold:   35         SH:  0    Dex: 13    Spells: 3/3 levels left

rFire   . . .      SeeInvis .    a - +0 hand axe
rCold   . . .      Faith    .    (no shield)
rNeg    . . .      Spirit   .    e - +0 ring mail
rPois   .          Reflect  .    (no helmet)
rElec   .          Harm     .    (no cloak)
rCorr   .          Rampage  .    (no gloves)
Will    .....                    (no boots) Stlth
                                 (no amulet)
HPRegen 0.26/turn                (no ring)
MPRegen 0.09/turn                (no ring)

@: confused
A: no striking features
a: no special abilities


You were on level 3 of the Dungeon.
You visited 1 branch of the dungeon, and saw 3 of its levels.

You collected 35 gold pieces.

Inventory:

Hand Weapons
 a - a +0 hand axe (weapon)
Missiles
 h - 4 poisoned darts (quivered)
Armour
 e - a +0 ring mail (worn)
Jewellery
 b - an amulet of guardian spirit
Scrolls
 d - 2 scrolls of identify {unknown}
 g - a scroll of fog {unknown}
 i - 2 scrolls of immolation
 l - a scroll of enchant armour {unknown}
Potions
 f - a potion of invisibility {unknown}
 j - a potion of mutation {unknown}
 k - a potion of resistance {unknown}
 m - a potion of flight {unknown}


   Skills:
 + Level 4.4 Fighting
 * Level 5.8 Axes
 - Level 2.4 Dodging
 - Level 1.5 Stealth


You had 3 spell levels left.
You didn't know any spells.
Your spell library was empty.

Dungeon Overview and Level Annotations

Branches:
Dungeon (3/15)

Altars:


Message History

You are more confused.
The quokka bites you but does no damage.
The giant cockroach barely misses you. Something hits you but does no damage.
The quokka bites you but does no damage.
The giant cockroach bites you but does no damage.
Something hits you but does no damage. The quokka closely misses you.
The giant cockroach closely misses you.
You hear some strange, mumbled words.
You are more confused.
The quokka twitches its whiskers.
The quokka bites you. The giant cockroach closely misses you.
The quokka bites you but does no damage.
The giant cockroach misses you. Something hits you. The quokka bites you.
The giant cockroach bites you.
* * * LOW HITPOINT WARNING * * *
Something hits you but does no damage. The quokka bites you.
* * * LOW HITPOINT WARNING * * *
The giant cockroach bites you but does no damage.
You hear some strange, mumbled words.
You are more confused.
The quokka misses you. The giant cockroach closely misses you.
Something hits you.
* * * LOW HITPOINT WARNING * * *
The quokka barely misses you.
The giant cockroach bites you but does no damage.
Something hits you but does no damage. The quokka closely misses you.
The giant cockroach bites you but does no damage.
The quokka bites you but does no damage.
The giant cockroach barely misses you. Something hits you.
* * * LOW HITPOINT WARNING * * *
The quokka barely misses you. Something hits you.
* * * LOW HITPOINT WARNING * * *
The quokka attacks as you move away! The quokka bites you.
* * * LOW HITPOINT WARNING * * *
Something hits you.
* * * LOW HITPOINT WARNING * * *
A magic dart appears from out of thin air!
The magic dart hits you!
You die...

### ..#######
#####.......
#.........#
#.#.........#
#.....@B....##..
###...r..)......
#.....{)..###.
#.........#
###.<..#...#
#..#(.###..#
...#...# ###
.### .#?. ......


You could see a quokka and a giant cockroach.

Vanquished Creatures
  An adder (D:2)
  3 dart slugs
  3 orcs (D:3)
  4 ball pythons
  5 bats
  3 endoplasms
  3 giant cockroaches
  3 goblins
  5 hobgoblins (D:1)
  3 jackals (D:1)
  3 quokkas
  5 frilled lizards
  2 kobolds (D:1)
  4 rats
47 creatures vanquished.

Notes
Turn   | Place    | Note
-------+----------+-------------------------------------------
     0 | D:1      | porpoise the Hill Orc Monk began the quest for the Orb.
     0 | D:1      | Reached XP level 1. HP: 19/19 MP: 1/1
   191 | D:1      | Reached XP level 2. HP: 26/27 MP: 2/2
   358 | D:1      | Reached skill level 5 in Axes
   380 | D:1      | Reached XP level 3. HP: 33/33 MP: 3/3
   611 | D:1      | Found a faded altar of an unknown god.
  1221 | D:2      | Reached XP level 4. HP: 41/41 MP: 4/4
  1657 | D:3      | HP: 2/41 [quokka (3)]
  1657 | D:3      | Killed from afar by an orc wizard

Illustrated notes

Levels and vault maps discovered:
D:1:      ncdulo_watergridlock, layout_rooms, hellmonk_ecumenical_altar_blasted
D:2:      layout_loops_ring, hangedman_decor_riveting,
          amcnicky_mini_corridor_feature, serial_park_tiny_1
D:3:      layout_rooms, trog_wizard, serial_shops,
          nicolae_shop_competitors_out_of_business

Skill      XL: |  1  2 |
---------------+-------+-----
Fighting       | 4 |  4.4
Axes           | 5 |  5.8
Dodging        | |  2.4
Stealth        | |  1.5

Action                   |  1- 3 |  4- 6 || total
-------------------------+-------+-------++-------
Melee: Hand axe          |   130 |    26 ||   156
       Punch             |       |     1 ||     1
  Use: Potion            |       |     1 ||     1
 Stab: Sleeping          |     1 |       ||     1
Armor: Robe              |     8 |       ||     8
       Ring mail         |    32 |    32 ||    64
Dodge: Dodged            |    76 |    43 ||   119

Table legend: (Time is in decaauts)
 A = Elapsed time spent in this place.
 B = Non-inter-level travel time spent in this place.
 C = Inter-level travel time spent in this place.
 D = Time resting spent in this place.
 E = Time spent auto-exploring this place.
 F = Levels seen in this place.
 G = Mean time per level.
                   A        B        C        D        E       F      G
               +--------+--------+--------+--------+--------+-----+--------+
         Total |   1663 |   1625 |     38 |    387 |    862 |   3 |  554.3 |
       Dungeon |   1663 |   1625 |     38 |    387 |    862 |   3 |  554.3 |
               +--------+--------+--------+--------+--------+-----+--------+

Top non-repeatable levels by time:
     D:2: 926 daAuts
     D:1: 704 daAuts
     D:3: 31 daAuts
